 Dungeon Crawl Stone Soup version 0.30.0-15-g856e2d3f33 (webtiles) character file.

Game seed: 17993060407443451217

121 dolemite99 the Conjurer (level 4, -2/33 HPs)
             Began as a Draconian Conjurer on May 19, 2023.
             Was a Believer of Zin.
             Killed from afar by an orc wizard (8 damage)
             ... with a magic dart
             ... on level 3 of the Dungeon.
             The game lasted 00:03:09 (3124 turns).

dolemite99 the Conjurer (Draconian Conjurer)        Turns: 3124, Time: 00:03:10

Health: -2/33      AC:  6    Str:  9    XL:     4   Next: 77%
Magic:  10/17      EV: 12    Int: 20    God:    Zin [**....]
Gold:   84         SH:  0    Dex: 10    Spells: 3/9 levels left

rFire   . . .        j - +0 spear (freeze)
rCold   . . .        (no shield)
rNeg    . . .        (body armour unavailable)
rPois   .            (helmet restricted)
rElec   .            o - +0 cloak
rCorr   .            (no gloves)
SInv    .            (no boots)
Will    .....        (no amulet)
Stlth   ++           l - ring of magical power
HPRegen 0.25/turn    (no ring)
MPRegen 0.15/turn

%: no passive effects
@: no status effects
A: AC +5, unfitting armour, cold-blooded
a: Renounce Religion, Recite, Vitalisation, Donate Gold


You were on level 3 of the Dungeon.
You worshipped Zin.
Zin was pleased with you.
You visited 1 branch of the dungeon, and saw 3 of its levels.

You collected 93 gold pieces.
You donated 9 gold pieces to Zin.

Inventory:

Hand Weapons
 b - a +0 dagger
 e - a +0 long sword
 f - a +0 dagger of flaming
 j - a +0 spear of freezing (weapon)
Armour
 o - a +0 cloak (worn)
Jewellery
 l - a ring of magical power (left hand)
Scrolls
 c - 2 scrolls of enchant weapon {unknown}
 d - 2 scrolls of identify {unknown}
 h - a scroll of enchant armour {unknown}
 i - a scroll of brand weapon {unknown}
 k - a scroll of torment {unknown}
 m - a scroll of immolation {unknown}
Potions
 a - a potion of magic
 g - a potion of lignification {unknown}
 n - 2 potions of ambrosia {unknown}


   Skills:
 - Level 1.7 Dodging
 - Level 1.7 Stealth
 + Level 3.2 Spellcasting
 + Level 5.5 Conjurations


You had 3 spell levels left.
You knew the following spells:

 Your Spells              Type           Power      Damage    Failure   Level
a - Magic Dart            Conj           100%       1d8       1%          1
b - Searing Ray           Conj           50%        2d6       2%          2
c - Dazzling Flash        Conj/Hex       28%        N/A       14%         3

Your spell library contained the following spells:

 Spells                   Type           Power      Damage    Failure   Level
 Call Canine Familiar     Summ           3%         N/A       38%         3
 Portal Projectile        Hex/Tloc       6%         N/A       38%         3
 Fulminant Prism          Conj/Hex       7%         3d7       41%         4
 Iskenderun's Mystic Bla  Conj/Tloc      14%        2d5       41%         4
 Leda's Liquefaction      Hex/Erth       1%         N/A       80%         4


Dungeon Overview and Level Annotations

Branches:
Dungeon (3/15)

Altars:
Zin

Annotations:
D:3 3 runed translucent doors


Innate Abilities, Weirdness & Mutations

Your plain brown scales are hard. (AC +5)
You cannot fit into any form of body armour.
You are cold-blooded and may be slowed by cold attacks.


Message History

The orc priest barely misses you. The orc hits you but does no damage.
The searing ray hits the orc priest.
You kill the orc priest!
The orc closely misses you. Something hits you but does no damage.
Your Spellcasting skill increases to level 3!
You finish channelling your searing ray.
The orc hits you but does no damage. Something hits you but does no damage.
The orc attacks as you move away! The orc hits you with a +0 hand axe.
A magic dart appears from out of thin air!
The magic dart hits you. The orc attacks as you move away!
The orc hits you but does no damage. The orc attacks as you move away!
The orc closely misses you.
You hit the orc. You freeze the orc.
The orc is severely wounded.
The orc hits you but does no damage.
You hit the orc. You freeze the orc.
You kill the orc!
You closely miss something. Something hits you but does no damage.
Casting: Searing Ray (safe; 2% risk of failure)
Confirm with . or Enter, or press ? or * to list all spells.
Aiming: Searing Ray (safe; 2% risk of failure)
Press: ? - help, Shift-Dir - straight line (Press . to maintain the ray.)
You hear some strange, mumbled words.
A puff of flame appears from out of thin air!
The puff of flame hits you!
The searing ray hits something.
Something hits you but does no damage.
The searing ray hits something!
Something hits you.
You finish channelling your searing ray.
You hear some strange, mumbled words.
A puff of flame appears from out of thin air!
The puff of flame hits you!
* * * LOW HITPOINT WARNING * * *
Something hits you but does no damage.
You hear some strange, mumbled words.
Something tries to affect you, but you resist.
You hear some strange, mumbled words.
A magic dart appears from out of thin air!
The magic dart hits you!
You die...

#. #..##
###...#.##......# ..#
#..#.##......###
#..#......)..
#.#...)..... ##
#........... ..
##........... ##
###............
####..####...##.........
.......@{....######'##..
############+# #.##..
#.##.. .##..


There were no monsters in sight!

Vanquished Creatures
  An orc priest (D:3)
  A gnoll (D:2)
  2 adders (D:2)
  2 worms
  An orc (D:3)
  4 ball pythons
  6 bats
  6 endoplasms
  A giant cockroach (D:1)
  4 hobgoblins
  2 jackals (D:3)
  5 quokkas (D:1)
  4 frilled lizards
  9 goblins
  4 kobolds
  5 rats
57 creatures vanquished.

Notes
Turn   | Place    | Note
-------+----------+-------------------------------------------
     0 | D:1      | dolemite99 the Draconian Conjurer began the quest for the
                  | Orb.
     0 | D:1      | Reached XP level 1. HP: 14/14 MP: 3/3
   426 | D:1      | Reached XP level 2. HP: 18/20 MP: 3/5
  1164 | D:1      | Found a faded altar of an unknown god.
  1181 | D:1      | Prayed at the altar of an unknown god.
  1181 | D:1      | Became a worshipper of Zin the Law-Giver
  1181 | D:1      | Reached * piety under Zin
  1226 | D:1      | Reached XP level 3. HP: 21/26 MP: 2/6
  1723 | D:2      | Reached skill level 5 in Conjurations
  1765 | D:2      | Learned a level 2 spell: Searing Ray
  1888 | D:2      | Learned a level 3 spell: Dazzling Flash
  2186 | D:2      | Reached XP level 4. HP: 33/33 MP: 8/8
  2253 | D:2      | Reached ** piety under Zin
  2931 | D:3      | Found a runed translucent gate.
  2932 | D:3      | Found a runed translucent gate.
  2933 | D:3      | Found a runed translucent gate.
  3124 | D:3      | Killed from afar by an orc wizard

Illustrated notes

Levels and vault maps discovered:
D:1:      eino_arrival_druids_welcome, layout_loops_ring,
          shapermc_ecumenical_altar_pompeii, minmay_box_of_dots
D:2:      layout_basic
D:3:      layout_basic, gammafunk_ghost_icy, serial_shops, shop

Skill      XL: |  1  2  3  4 |
---------------+-------------+-----
Conjurations   | 5 |  5.5
Spellcasting   | 3 |  3.2
Dodging        | |  1.7
Stealth        | |  1.7

Action                     |  1- 3 |  4- 6 || total
---------------------------+-------+-------++-------
  Melee: Long sword        |    15 |       ||    15
         Dagger            |     8 |       ||     8
         Tailslap          |     4 |       ||     4
         Spear             |     1 |     5 ||     6
   Cast: Magic Dart        |    82 |    31 ||   113
         Searing Ray       |     1 |     2 ||     3
 Armour: Skin              |    15 |    14 ||    29
  Dodge: Dodged            |    45 |    11 ||    56
